 Dungeon Crawl Stone Soup version 0.28-a0-128-gcbb86046cc (webtiles) character file.

Game seed: 7017763253326240043

123953 hatdisgam the Fighter (level 16, -6/117 HPs)
             Began as a Gnoll Wanderer on Aug 15, 2021.
             Was the Champion of Hepliaklqana.
             Mangled by Aizul (14 damage)
             ... on level 1 of the Snake Pit on Aug 16, 2021.
             The game lasted 01:15:37 (45939 turns).

hatdisgam the Fighter (Gnoll Wanderer)             Turns: 45939, Time: 01:15:38

Health: -6/117     AC: 17    Str:  8    XL:     16   Next: 91%
Magic:  21/31      EV: 16    Int: 19    God:    Hepliaklqana [******]
Gold:   2331       SH:  0    Dex: 21    Spells: 16/37 levels left

rFire   + . .      SeeInvis +   a - +9 quarterstaff of Luxury {elec, Int+3 Dex+5}
rCold   . . .      Faith    .   (shield currently unavailable)
rNeg    . . .      Spirit   .   U - +2 ring mail of Discretion {rPois Str-5 Dex+3 SInv}
rPois   +          Reflect  .   d - +2 helmet {SInv}
rElec   .          Harm     .   y - scarf {shadows}
rCorr   .          Rampage  .   H - +0 pair of gloves
Will    +....                   Q - +1 pair of boots {Stlth+}
Stlth   ++++++....              P - amulet of the acrobat
HPRegen 0.29/turn               T - +4 ring of slaying
MPRegen 0.22/turn               J - ring of protection from fire

@: lethally poisoned (-6 -> -22)
A: reduced essence, fangs 1, strong nose, distributed training
a: Renounce Religion, Recall Ancestor, Ancestor Identity, Transference, Idealise


You were on level 1 of the Snake Pit.
You worshipped Hepliaklqana.
Hepliaklqana was exalted by your worship.
You visited 4 branches of the dungeon, and saw 24 of its levels.
You also visited: Ice Cave.

You collected 3488 gold pieces.
You spent 1157 gold pieces at shops.

Inventory:

Hand Weapons
 a - the +9 quarterstaff of Luxury (weapon) {elec, Int+3 Dex+5}
   (You found it on level 1 of the Lair of Beasts)

   It occasionally discharges a powerful burst of electricity upon striking a
   foe.
   Int:       It affects your intelligence (+3).
   Dex:       It affects your dexterity (+5).
 b - a +0 rapier of electrocution
 E - a +3 scimitar of flaming
 O - a +0 double sword of venom
 Z - a +5 morningstar of flaming
Missiles
 B - a throwing net (quivered)
Armour
 d - a +2 helmet of see invisible (worn)
 g - a +1 leather armour of cold resistance
 i - a +0 troll leather armour
 j - a +0 kite shield
 y - a scarf of shadows (worn)
 H - a +0 pair of gloves (worn)
 L - the +2 ring mail of Hubris {Dex+3}
   (You bought it in a shop on level 1 of the Orcish Mines)

   Dex:       It affects your dexterity (+3).
 Q - a +1 pair of boots of stealth (worn)
 U - the +2 ring mail of Discretion (worn) {rPois Str-5 Dex+3 SInv}
   (You found it on level 10 of the Dungeon)

   Str:       It affects your strength (-5).
   Dex:       It affects your dexterity (+3).
   rPois:     It protects you from poison.
   SInv:      It lets you see invisible.
 W - a +2 hat
Jewellery
 p - a ring of see invisible
 r - a ring of ice
 t - a ring of flight
 v - a ring of positive energy
 J - a ring of protection from fire (right hand)
 P - an amulet of the acrobat (around neck)
 T - a +4 ring of slaying (left hand)
 X - a ring of protection from fire
Wands
 u - a wand of digging (17)
 F - a wand of iceblast (7)
 V - a wand of flame (16)
 Y - a wand of polymorph (35)
Scrolls
 f - 2 scrolls of enchant armour
 k - 11 scrolls of teleportation
 l - 4 scrolls of silence {unknown}
 n - 7 scrolls of magic mapping
 o - 3 scrolls of amnesia
 q - 6 scrolls of enchant weapon
 s - 3 scrolls of holy word
 x - a scroll of immolation
 C - 3 scrolls of fear
 D - 3 scrolls of vulnerability
 G - 2 scrolls of identify
 K - 3 scrolls of fog
Potions
 c - 2 potions of lignification
 e - 7 potions of flight
 h - 3 potions of ambrosia
 m - 5 potions of cancellation
 w - 6 potions of heal wounds
 z - 4 potions of brilliance
 A - 7 potions of curing
 I - 6 potions of invisibility
 M - a potion of resistance
 N - 2 potions of mutation
 R - 3 potions of attraction


   Skills:
 + Level 13.5 Fighting
 + Level 11.1 Short Blades
 + Level 11.1 Long Blades
 + Level 11.9 Axes
 + Level 11.1 Maces & Flails
 + Level 11.1 Polearms
 + Level 11.1 Staves
 + Level 11.1 Slings
 + Level 11.1 Bows
 + Level 11.4 Crossbows
 + Level 11.1 Throwing
 + Level 11.4 Armour
 + Level 11.1 Dodging
 + Level 11.8 Stealth
 + Level 11.1 Shields
 + Level 11.1 Unarmed Combat
 + Level 11.1 Spellcasting
 + Level 9.5 Conjurations
 + Level 9.5 Hexes
 + Level 9.5 Summonings
 + Level 9.5 Necromancy
 + Level 9.5 Translocations
 + Level 9.5 Transmutations
 + Level 9.5 Fire Magic
 + Level 9.5 Ice Magic
 + Level 9.5 Air Magic
 + Level 9.5 Earth Magic
 + Level 9.5 Poison Magic
 + Level 12.0 Invocations
 + Level 11.1 Evocations


You had 16 spell levels left.
You knew the following spells:

 Your Spells              Type           Power      Damage    Failure   Level
a - Pain                  Necr           100%       1d9       1%          1
b - Tukima's Dance        Hex            46%        N/A       1%          3
c - Mephitic Cloud        Conj/Pois/Air  46%        N/A       1%          3
d - Summon Ice Beast      Ice/Summ       46%        N/A       3%          4
e - Freezing Cloud        Conj/Ice/Air   23%        6-21      9%          5
f - Manifold Assault      Tloc           46%        N/A       9%          5

Your spell library contained the following spells:

 Spells                   Type           Power      Damage    Failure   Level
 Apportation              Tloc           92%        N/A       1%          1
 Sandblast                Erth           92%        2d19      1%          1
 Sting                    Tmut/Pois      100%       1d8       1%          1
 Poisonous Vapours        Pois/Air       92%        N/A       1%          2
 Slow                     Hex            46%        N/A       1%          2
 Sublimation of Blood     Necr           23%        N/A       1%          2
 Confusing Touch          Hex            46%        N/A       1%          3
 Gell's Gravitas          Tloc           23%        N/A       1%          3
 Ignite Poison            Fire/Tmut/Pois 46%        N/A       1%          3
 Lesser Beckoning         Tloc           23%        N/A       1%          3
 Portal Projectile        Hex/Tloc       92%        N/A       1%          3
 Teleport Other           Tloc           46%        N/A       1%          3
 Animate Armour           Summ/Erth      92%        N/A       3%          4
 Iskenderun's Mystic Bla  Conj/Tloc      46%        2d10      3%          4
 Leda's Liquefaction      Hex/Erth       23%        N/A       3%          4
 Olgreb's Toxic Radiance  Pois           46%        N/A       3%          4
 Passage of Golubria      Tloc           N/A        N/A       3%          4
 Petrify                  Tmut/Erth      46%        N/A       3%          4
 Agony                    Necr           46%        N/A       9%          5
 Blade Hands              Tmut           23%        N/A       9%          5
 Bolt of Magma            Conj/Fire/Erth 23%        4d11      9%          5
 Excruciating Wounds      Necr           23%        N/A       9%          5
 Irradiate                Conj/Tmut      23%        3d21      9%          5
 Silence                  Hex/Air        23%        N/A       9%          5
 Summon Forest            Summ/Tloc      23%        N/A       9%          5
 Yara's Violent Unravell  Hex/Tmut       23%        3d10      9%          5
 Dispersal                Tloc           23%        N/A       43%         6
 Simulacrum               Ice/Necr       23%        N/A       43%         6
 Ozocubu's Refrigeration  Ice            23%        4d9       95%         7
 Disjunction              Tloc           23%        N/A       100%        8
 Lehudib's Crystal Spear  Conj/Erth      23%        10d6      100%        8
 Polar Vortex             Ice            23%        N/A       100%        9


Dungeon Overview and Level Annotations

Branches:
Dungeon (15/15)            Temple (0/1) D:4            Lair (6/6) D:11
 Shoals (0/4) Lair:4        Snake (1/4) Lair:3        Slime (0/5) Lair:6
    Orc (2/2) D:12            Elf (0/3) Orc:2        Vaults (0/5) D:14
 Depths (0/5) D:15          IceCv (visited)

Altars:
Ashenzari
Cheibriados
Dithmenos
Elyvilon
Fedhas
Gozag
Hepliaklqana
Kikubaaqudgha
Makhleb
Okawaru
Sif Muna
Trog
Wu Jian
Xom
Yredelemnul
Zin
Jiyva

Shops:
Orc:1 [   Orc:2 ::?[

Portals:
Trove: D:15 (give +2 shadow dragon scales)

Annotations:
Lair:3 exclusion: 2 oklob plants
Lair:4 exclusion: oklob plant
Snake:1 Aizul


Innate Abilities, Weirdness & Mutations

Your life essence is reduced to manifest your ancestor. (-10% HP)
You have very sharp teeth.
Your uncanny sense of smell can sniff out nearby items.
Your experience applies equally to all skills.


Message History

Confirm with . or Enter, or press ? or * to list all spells.
Aiming: Freezing Cloud (dangerous; 9% risk of failure)
Press: ? - help, Dir - move target That beam is likely to hit you.
Continue anyway?
You feel very sick.
You hear a shout!
Aizul is engulfed in freezing vapours.
Aizul casts a spell at you. The bolt of poison hits you!
You are more poisoned.
You resist.
A naga comes into view. It is wielding a +0 dire flail.
Aizul is engulfed in freezing vapours.
Aizul hits you!
FrigginByeByeMan closely misses Aizul.
You hear an angry hiss.
Unknown command.
You hit Aizul. Lightning courses through Aizul! You bite Aizul.
Aizul is moderately wounded.
You feel very sick.
Aizul is engulfed in freezing vapours.
Aizul hits you but does no damage.
Unknown command.
Unknown command.
Casting: Freezing Cloud (dangerous; 9% risk of failure)
Confirm with . or Enter, or press ? or * to list all spells.
Aiming: Freezing Cloud (dangerous; 9% risk of failure)
Press: ? - help, Dir - move target You feel very sick.
The naga is engulfed in freezing vapours.
Aizul is engulfed in freezing vapours.
Aizul coils herself and waves her upper body at you.
You fall asleep.
FrigginByeByeMan hits Aizul but does no damage.
FrigginByeByeMan drains Aizul.
You feel very sick.
Aizul is engulfed in freezing vapours.
Aizul hits you!!!
You wake up.
* * * LOW HITPOINT WARNING * * *
FrigginByeByeMan misses Aizul.
The naga is engulfed in freezing vapours.
Aizul is engulfed in freezing vapours.
Aizul hits you!
You die...

#§§# #§§#.#
#§N#.# #§§#.#
.. #§§#.#
###.#§S#.#
.....R@#.######
....#..........
###.#..#.#####
...>..#..#
##....#..#
#.....#.#####
#.....R.......
#.....########
#..........#


You could see the friendly FrigginByeByeMan the hexer, Aizul (drained, ally
target) and a naga.

Vanquished Creatures
  A nagaraja (Snake:1)
  An orc warlord (Orc:1)
  Azrael (Orc:2)
  Josephine (D:13)
  7 hydras
  A naga warrior (Snake:1)
  4 boulder beetles
  An anaconda (shapeshifter) (D:15)
  2 centaur warriors
  A dancing weapon (D:14)
  2 tengu warriors (D:15)
  A vampire mage (D:15)
  5 orc high priests (Orc:2)
  19 death yaks
  2 naga sharpshooters (Snake:1)
  8 skeletal warriors
  A naga ritualist (Snake:1)
  A necromancer (D:15)
  3 orc knights (Orc:2)
  2 deep elf pyromancers
  A mana viper (Snake:1)
  A wolf spider (Lair:5)
  A frost giant zombie (D:15)
  8 cyclopes
  4 manticores
  3 orc sorcerers
  14 ugly things
  9 elephants
  15 black mambas
  A black mamba (shapeshifter) (D:14)
  A guardian serpent (Lair:6)
  2 torpor snails
  13 cane toads
  2 gargoyles
  2 rime drakes
  4 tengu conjurers
  A freezing wraith (D:14)
  4 efreet
  2 yaktaurs (D:15)
  6 komodo dragons
  6 trolls
  2 polar bears (Lair:2)
  A hornet (shapeshifter) (D:15)
  A hornet (Lair:6)
  20 blink frogs
  6 slime creatures
  A snapping turtle (Lair:4)
  6 dream sheep
  A spriggan zombie (D:15)
  A fire dragon skeleton (D:15)
  2 redbacks (Lair:6)
  An ice dragon skeleton (D:15)
  A shadow (D:13)
  8 wraiths
  9 wyverns
  49 yaks
  3 steam dragons
  3 fire elementals (Orc:1)
  3 basilisks
  A basilisk (shapeshifter) (D:14)
  6 vampire mosquitoes
  An acid dragon (D:14)
  3 nagas (Snake:1)
  3 wargs
  22 water moccasins
  35 orc warriors
  2 ice beasts (D:6)
  3 black bears
  9 ogres
  8 centaurs
  20 wolves
  2 lemures (D:7)
  A kobold brigand (D:9)
  2 wyvern zombies
  11 bullfrogs
  A scorpion (D:11)
  A water moccasin zombie (D:5)
  A wyvern skeleton (D:5)
  9 wights
  6 howler monkeys
  An electric eel (Lair:4)
  3 centaur zombies
  Crazy Yiuf (D:7)
  4 hounds
  8 iguanas
  28 orc priests
  Natasha (D:4)
  A scorpion zombie (D:5)
  13 orc wizards
  A polar bear simulacrum (IceCv)
  2 wolf simulacra (IceCv)
  A hound zombie (D:5)
  A hound skeleton (D:5)
  2 howler monkey zombies
  4 gnolls
  5 adders
  A shadow imp (D:7)
  2 white imps
  An ufetubus (D:4)
  An adder skeleton (D:4)
  An adder zombie (D:5)
  4 worms
  2 dart slugs
  78 orcs
  9 ball pythons
  4 endoplasms
  5 goblins
  5 hobgoblins
  5 jackals
  12 kobolds
  3 quokkas
  5 bats
  4 frilled lizards
  A rat (D:1)
  A butterfly (Lair:1)
649 creatures vanquished.

Vanquished Creatures (collateral kills)
  Rupert (D:13)
  3 boulder beetles
  3 hydras
  3 two-headed ogres
  2 death yaks (Lair:6)
  Pikel (D:7)
  A deep elf pyromancer (D:13)
  2 orc sorcerers
  A manticore (D:14)
  A gargoyle (D:7)
  2 black mambas
  A guardian serpent (Lair:3)
  A torpor snail (Lair:5)
  5 cane toads
  A yaktaur (D:15)
  2 komodo dragons
  A troll (D:9)
  A hornet (Lair:6)
  2 dream sheep
  4 slime creatures
  2 wyverns
  A wraith (D:11)
  Grum (Lair:1)
  A fire elemental (Orc:1)
  8 yaks
  2 basilisks (Lair:6)
  A death yak simulacrum (IceCv)
  A steam dragon (D:8)
  A vampire mosquito (D:13)
  5 water moccasins
  5 orc warriors
  An ogre (D:7)
  A black bear (D:8)
  An ice beast (D:6)
  2 wolves
  2 lemures (D:7)
  2 centaurs
  A bullfrog (D:11)
  A scorpion (D:6)
  2 jellies (D:5)
  4 wights
  2 centaur zombies
  A bullfrog zombie (D:5)
  4 orc priests (Orc:2)
  A centaur skeleton (D:7)
  A scorpion zombie (D:5)
  Natasha (twice) (D:4)
  4 orc wizards
  A killer bee zombie (D:5)
  A hound zombie (D:5)
  2 adders (D:2)
  17 orcs
  2 jackals (D:3)
  A frilled lizard (D:10)
  3 kobolds
125 creatures vanquished.

Vanquished Creatures (others)
  A dancing weapon (D:13)
  A centaur (D:14)
  27 hexers
  A white imp (D:7)
  53 fungi
  121 plants
  3 withered plants (D:15)
207 creatures vanquished.

Grand Total: 981 creatures vanquished

Notes
Turn   | Place    | Note
-------+----------+-------------------------------------------
     0 | D:1      | hatdisgam the Gnoll Wanderer began the quest for the Orb.
     0 | D:1      | hatdisgam set off with the following items: a +2 hand axe,
                  | 2 potions of curing, a +0 robe, a +0 dagger
     0 | D:1      | Reached XP level 1. HP: 26/26 MP: 1/1
   418 | D:1      | Reached XP level 2. HP: 31/33 MP: 2/2
  1108 | D:2      | Found a faded altar of an unknown god.
  1116 | D:2      | Reached XP level 3. HP: 34/38 MP: 3/3
  1119 | D:2      | Became a worshipper of Hepliaklqana the Forgotten
  1119 | D:2      | Reached * piety under Hepliaklqana
  1252 | D:2      | Reached skill level 1 in Invocations
  1281 | D:2      | Reached skill level 1 in Short Blades
  1281 | D:2      | Reached skill level 1 in Long Blades
  1281 | D:2      | Reached skill level 1 in Maces & Flails
  1281 | D:2      | Reached skill level 1 in Polearms
  1281 | D:2      | Reached skill level 1 in Staves
  1281 | D:2      | Reached skill level 1 in Slings
  1281 | D:2      | Reached skill level 1 in Bows
  1281 | D:2      | Reached skill level 1 in Throwing
  1281 | D:2      | Reached skill level 1 in Dodging
  1281 | D:2      | Reached skill level 1 in Shields
  1281 | D:2      | Reached skill level 1 in Unarmed Combat
  1281 | D:2      | Reached skill level 1 in Spellcasting
  1281 | D:2      | Reached skill level 1 in Evocations
  1281 | D:2      | Reached XP level 4. HP: 35/40 MP: 5/5
  1819 | D:3      | Reached skill level 1 in Conjurations
  1819 | D:3      | Reached skill level 1 in Hexes
  1819 | D:3      | Reached skill level 1 in Summonings
  1819 | D:3      | Reached skill level 1 in Necromancy
  1819 | D:3      | Reached skill level 1 in Translocations
  1819 | D:3      | Reached skill level 1 in Transmutations
  1819 | D:3      | Reached skill level 1 in Fire Magic
  1819 | D:3      | Reached skill level 1 in Ice Magic
  1819 | D:3      | Reached skill level 1 in Air Magic
  1819 | D:3      | Reached skill level 1 in Earth Magic
  1819 | D:3      | Reached skill level 1 in Poison Magic
  1902 | D:3      | Reached XP level 5. HP: 32/45 MP: 6/6
  2263 | D:3      | Found an opulent altar of Gozag.
  2807 | D:4      | Reached ** piety under Hepliaklqana
  2808 | D:4      | Remembered your ancestor FrigginByeByeMan as a hexer
  2967 | D:4      | Noticed a steam dragon
  2985 | D:4      | Killed a steam dragon
  2986 | D:4      | Reached skill level 5 in Axes
  2986 | D:4      | Reached XP level 6. HP: 23/51 MP: 7/9
  3356 | D:4      | Found a staircase to the Ecumenical Temple.
  3405 | D:4      | Reached XP level 7. HP: 55/56 MP: 10/10
  3476 | D:4      | Found a snail-covered altar of Cheibriados.
  3607 | D:4      | Noticed Natasha
  3617 | D:4      | Killed Natasha
  4051 | D:5      | Entered Level 5 of the Dungeon
  4467 | D:5      | Noticed a two-headed ogre
  4470 | D:5      | Reached skill level 5 in Stealth
  4475 | D:4      | Noticed Natasha
  4480 | D:4      | Killed Natasha
  4481 | D:4      | Reached skill level 9 in Fighting
  4644 | D:4      | Noticed Natasha
  4650 | D:4      | Killed Natasha
  4790 | D:5      | Found a burning altar of Makhleb.
  4799 | D:5      | Reached XP level 8. HP: 60/63 MP: 12/12
  5253 | D:5      | Found a basalt altar of Yredelemnul.
  5540 | D:5      | Found a white marble altar of Elyvilon.
  5761 | D:5      | Learned a level 1 spell: Pain
  6189 | D:5      | Found an iron altar of Okawaru.
  7677 | D:6      | Reached XP level 9. HP: 53/68 MP: 14/14
  8051 | D:7      | Found a broken altar of Ashenzari.
  8156 | D:7      | Reached *** piety under Hepliaklqana
  8200 | D:7      | Reached skill level 5 in Crossbows
  8200 | D:7      | Reached skill level 5 in Armour
  8501 | D:7      | Noticed Pikel
  8518 | D:7      | Killed Pikel
  8519 | D:7      | Reached skill level 5 in Invocations
  8653 | D:7      | Noticed a gargoyle
  8672 | D:7      | Killed a gargoyle
  8862 | D:7      | Found a runed translucent door.
  8863 | D:7      | Noticed Crazy Yiuf
  8935 | D:7      | Reached XP level 10. HP: 61/76 MP: 17/17
  8939 | D:7      | Learned a level 3 spell: Tukima's Dance
  9059 | D:7      | Killed Crazy Yiuf
  9376 | D:8      | Reached skill level 5 in Short Blades
  9376 | D:8      | Reached skill level 5 in Long Blades
  9376 | D:8      | Reached skill level 5 in Maces & Flails
  9376 | D:8      | Reached skill level 5 in Polearms
  9376 | D:8      | Reached skill level 5 in Staves
  9376 | D:8      | Reached skill level 5 in Slings
  9376 | D:8      | Reached skill level 5 in Bows
  9376 | D:8      | Reached skill level 5 in Throwing
  9376 | D:8      | Reached skill level 5 in Dodging
  9376 | D:8      | Reached skill level 5 in Shields
  9376 | D:8      | Reached skill level 5 in Unarmed Combat
  9376 | D:8      | Reached skill level 5 in Spellcasting
  9376 | D:8      | Reached skill level 5 in Evocations
  9483 | D:8      | Reached **** piety under Hepliaklqana
  9492 | D:8      | Found an ancient bone altar of Kikubaaqudgha.
  9620 | D:8      | Reached skill level 10 in Fighting
  9792 | D:8      | Found an ornate altar of the Wu Jian Council.
 10908 | D:9      | Found a shadowy altar of Dithmenos.
 12545 | D:10     | Entered Level 10 of the Dungeon
 12903 | D:10     | Found a glowing silver altar of Zin.
 12934 | D:10     | Identified the +2 ring mail of Discretion {rPois Str-5
                  | Dex+3 SInv}
 12967 | D:10     | Noticed an angel
 12971 | D:10     | Noticed a two-headed ogre
 12978 | D:10     | Killed a two-headed ogre
 12979 | D:10     | Reached XP level 11. HP: 71/82 MP: 19/19
 13483 | D:10     | Reached ***** piety under Hepliaklqana
 13505 | D:10     | Reached skill level 5 in Conjurations
 13505 | D:10     | Reached skill level 5 in Hexes
 13505 | D:10     | Reached skill level 5 in Summonings
 13505 | D:10     | Reached skill level 5 in Necromancy
 13505 | D:10     | Reached skill level 5 in Translocations
 13505 | D:10     | Reached skill level 5 in Transmutations
 13505 | D:10     | Reached skill level 5 in Fire Magic
 13505 | D:10     | Reached skill level 5 in Ice Magic
 13505 | D:10     | Reached skill level 5 in Air Magic
 13505 | D:10     | Reached skill level 5 in Earth Magic
 13505 | D:10     | Reached skill level 5 in Poison Magic
 13652 | D:10     | Found a shimmering blue altar of Sif Muna.
 13658 | D:10     | Found a shimmering altar of Xom.
 13794 | D:10     | Found a hazy altar of Hepliaklqana.
 13796 | D:10     | Found a bloodstained altar of Trog.
 14092 | D:11     | Noticed a manticore
 14099 | D:11     | Killed a manticore
 14176 | D:11     | Learned a level 3 spell: Mephitic Cloud
 14371 | D:11     | Found a staircase to the Lair.
 14767 | D:11     | Noticed a boulder beetle
 14785 | D:11     | Killed a boulder beetle
 15180 | Lair:1   | Entered Level 1 of the Lair of Beasts
 15969 | Lair:1   | Noticed a five-headed hydra
 16315 | Lair:1   | Killed a five-headed hydra
 16466 | Lair:1   | Noticed Grum
 16823 | Lair:1   | Killed Grum
 16824 | Lair:1   | Reached XP level 12. HP: 47/89 MP: 22/22
 17893 | Lair:1   | Reached skill level 11 in Fighting
 19253 | Lair:2   | Identified a scroll of acquirement
 19254 | Lair:2   | Acquired a +2 helmet of see invisible
 19595 | Lair:2   | Noticed a boulder beetle
 19611 | Lair:2   | Killed a boulder beetle
 20736 | Lair:2   | Noticed a five-headed hydra
 20736 | Lair:2   | Noticed a boulder beetle
 20744 | Lair:2   | Reached XP level 13. HP: 95/95 MP: 24/24
 21499 | Lair:1   | Identified the +9 quarterstaff of Luxury {elec, Int+3
                  | Dex+5}
 21556 | Lair:3   | Found a staircase to the Snake Pit.
 22200 | Lair:3   | Reached ****** piety under Hepliaklqana
 22396 | Lair:3   | Found a blossoming altar of Fedhas.
 23269 | Lair:4   | Found a staircase to the Shoals.
 23531 | Lair:4   | Got the Catalogue of Glacial Earth
 23537 | Lair:4   | Learned a level 4 spell: Summon Ice Beast
 23829 | Lair:4   | Identified the +2 robe of Patience {rF- rC+ Regen+}
 25199 | Lair:5   | Reached XP level 14. HP: 100/102 MP: 26/26
 25846 | Lair:6   | Entered Level 6 of the Lair of Beasts
 25867 | Lair:6   | Reached skill level 12 in Fighting
 25867 | Lair:6   | Reached skill level 10 in Axes
 26756 | Lair:5   | Reached skill level 10 in Stealth
 27257 | Lair:5   | Reached skill level 10 in Invocations
 28019 | Lair:6   | Found a staircase to the Slime Pits.
 28020 | Lair:6   | Found a viscous altar of Jiyva.
 28512 | Lair:6   | Learned a level 5 spell: Freezing Cloud
 28833 | Lair:5   | Acquired the Almanac of Spatial Stones
 28841 | Lair:5   | Learned a level 5 spell: Manifold Assault
 30057 | Lair:6   | Reached skill level 10 in Crossbows
 30057 | Lair:6   | Reached skill level 10 in Armour
 30398 | Lair:6   | Reached XP level 15. HP: 90/109 MP: 28/28
 31912 | D:12     | Found a staircase to the Orcish Mines.
 32913 | D:12     | Reached skill level 10 in Short Blades
 32913 | D:12     | Reached skill level 10 in Long Blades
 32913 | D:12     | Reached skill level 10 in Maces & Flails
 32913 | D:12     | Reached skill level 10 in Polearms
 32913 | D:12     | Reached skill level 10 in Staves
 32913 | D:12     | Reached skill level 10 in Slings
 32913 | D:12     | Reached skill level 10 in Bows
 32913 | D:12     | Reached skill level 10 in Throwing
 32913 | D:12     | Reached skill level 10 in Dodging
 32913 | D:12     | Reached skill level 10 in Shields
 32913 | D:12     | Reached skill level 10 in Unarmed Combat
 32913 | D:12     | Reached skill level 10 in Spellcasting
 32913 | D:12     | Reached skill level 10 in Evocations
 34972 | Orc:1    | Entered Level 1 of the Orcish Mines
 34980 | Orc:1    | Paralysed by an orc sorcerer for 5 turns
 36022 | Orc:2    | Entered Level 2 of the Orcish Mines
 36036 | Orc:2    | Noticed Azrael
 36339 | Orc:2    | Killed Azrael
 38252 | Orc:1    | Found Rinell Kaaj's Antique Armour Shop.
 38462 | Orc:2    | Noticed an orc warlord
 38630 | Orc:1    | Killed an orc warlord
 38934 | Orc:2    | Reached skill level 13 in Fighting
 39063 | Orc:2    | Found a staircase to the Elven Halls.
 40239 | Orc:2    | Reached XP level 16. HP: 89/117 MP: 30/30
 40354 | Orc:2    | Found Zomiptut's Book Boutique.
 40355 | Orc:2    | Found Cixtunt's Book Shop.
 40358 | Orc:2    | Found Ecice's Magic Scroll Shop.
 40359 | Orc:2    | Found Koelyfeg's Armour Shop.
 40363 | Orc:2    | Bought 2 scrolls of teleportation for 84 gold pieces
 40363 | Orc:2    | Bought a scroll of teleportation for 42 gold pieces
 40363 | Orc:2    | Bought a scroll of teleportation for 42 gold pieces
 40372 | Orc:2    | Bought a scroll of acquirement for 728 gold pieces
 40372 | Orc:2    | Acquired 1049 gold pieces
 40549 | Orc:1    | Bought a faintly humming ring mail for 261 gold pieces
 40549 | Orc:1    | Identified the +2 ring mail of Hubris {Dex+3} (You bought
                  | it in a shop on level 1 of the Orcish Mines)
 40839 | D:13     | Found a frozen archway.
 40847 | IceCv    | Entered an ice cave
 41011 | D:13     | Noticed Josephine
 41013 | D:13     | Noticed Rupert
 41025 | D:13     | Paralysed by Rupert for 2 turns
 41030 | D:13     | Killed Josephine
 41359 | D:13     | Paralysed by Rupert for 2 turns
 41369 | D:13     | Killed Rupert
 41510 | D:13     | Found a flagged portal.
 42415 | D:14     | You fall into a shaft and drop 1 floor!
 42415 | D:15     | Entered Level 15 of the Dungeon
 42483 | D:15     | Found a staircase to the Depths.
 42963 | D:15     | Found a shadowy altar of Dithmenos.
 43558 | D:14     | Found a gate to the Vaults.
 44349 | D:15     | Found a portal to a secret trove of treasure.
 44810 | Snake:1  | Entered Level 1 of the Snake Pit
 44828 | Snake:1  | Noticed a nagaraja
 45209 | Snake:1  | Killed a nagaraja
 45929 | Snake:1  | Noticed Aizul
 45939 | Snake:1  | Mangled by Aizul

Illustrated notes

Levels and vault maps discovered:
D:1:      evilmike_arrival_hilbert_curve, layout_basic,
          minmay_misc_feat_columns, minmay_tetromino_s4
D:2:      layout_rooms, basic_ecumenical_altar
D:3:      layout_loops_ring, nicolae_gozag_cash_rules_everything_around_me
D:4:      layout_basic, cheibriados_altar_1, minmay_temple_entry_antechambers,
          serial_bayou_pond_e, uniq_natasha
D:5:      layout_basic, elyvilon_altar_1, mainiacjoe_overflow_24_doors,
          nicolae_yredelemnul_corpse_copse, okawaru_altar_gauntlet_db
D:6:      layout_rooms
D:7:      lemuel_ice_spiral_2, layout_basic, amcnicky_altar_gilded,
          corexii_item_surrounded_by_moat, uniq_crazy_yiuf_cottage, uniq_pikel
D:8:      layout_basic, mainiacjoe_overflow_concentric_impassable,
          nzn_wu_jian_contemplation
D:9:      layout_cave_pods, mainiacjoe_overflow_brackets
D:10:     layout_stronghold, grunt_temple_overflow_order_and_chaos_1,
          led_sif_book, nicolae_overflow_hidden_temple, minmay_lizard_king
D:11:     layout_rooms, grunt_lair_entry_orc_guard_hut
D:12:     layout_roguey, david_orc_3, due_unseen_surprise
D:13:     layout_gridville, portal_ice_cave_entry_pillars_1, enter_bailey_8,
          uniq_josephine, uniq_rupert
D:14:     minmay_recursive_quarters, layout_basic, erik_vaults_1, nicolae_wwwww
D:15:     gammafunk_depths_entry_grave, layout_basic, enter_trove_0,
          nicolae_dithmenos_shadow_blocks, wad_floor_pattern_2, st_stairs_12
Lair:1:   layout_gridlike, chequers_serial_rivers_micro_b, lemuel_fruit_fields,
          grunt_megastairs_2, uniq_grum
Lair:2:   layout_chaotic_city, st_stairs_12, minivault_26,
          minmay_shattered_shrine
Lair:3:   layout_long_grid, minmay_snake_entry_spellcaster,
          hangedman_tree_tricks
Lair:4:   layout_small_grid, minmay_shoals_entry_hut, serial_bayou_shore_b
Lair:5:   layout_cave_pods
Lair:6:   hangedman_lair_tendril_chambers, layout_layer_cave, slime_altar_1,
          gauntlet_entry_generic
Snake:1:  layout_basic, uniq_aizul
Orc:1:    layout_caves, serial_shops, nicolae_lakefront_shop
Orc:2:    st_orc_pillars, layout_caves, uniq_azrael

Skill      XL: |  1  2  3  4  5  6  7  8  9 10 11 12 13 14 15 16 |
---------------+-------------------------------------------------+-----
Invocations    | 1 2 3 4 5 6 7 8 9 10 11 12 | 12.0
Short Blades   | 1 2 3 4 5 6 7 8 9 10 11 | 11.1
Long Blades    | 1 2 3 4 5 6 7 8 9 10 11 | 11.1
Maces & Flails | 1 2 3 4 5 6 7 8 9 10 11 | 11.1
Polearms       | 1 2 3 4 5 6 7 8 9 10 11 | 11.1
Staves         | 1 2 3 4 5 6 7 8 9 10 11 | 11.1
Slings         | 1 2 3 4 5 6 7 8 9 10 11 | 11.1
Bows           | 1 2 3 4 5 6 7 8 9 10 11 | 11.1
Throwing       | 1 2 3 4 5 6 7 8 9 10 11 | 11.1
Dodging        | 1 2 3 4 5 6 7 8 9 10 11 | 11.1
Shields        | 1 2 3 4 5 6 7 8 9 10 11 | 11.1
Unarmed Combat | 1 2 3 4 5 6 7 8 9 10 11 | 11.1
Spellcasting   | 1 2 3 4 5 6 7 8 9 10 11 | 11.1
Evocations     | 1 2 3 4 5 6 7 8 9 10 11 | 11.1
Conjurations   | 1 2 3 4 5 6 7 8 9 |  9.5
Hexes          | 1 2 3 4 5 6 7 8 9 |  9.5
Summonings     | 1 2 3 4 5 6 7 8 9 |  9.5
Necromancy     | 1 2 3 4 5 6 7 8 9 |  9.5
Translocations | 1 2 3 4 5 6 7 8 9 |  9.5
Transmutations | 1 2 3 4 5 6 7 8 9 |  9.5
Fire Magic     | 1 2 3 4 5 6 7 8 9 |  9.5
Ice Magic      | 1 2 3 4 5 6 7 8 9 |  9.5
Air Magic      | 1 2 3 4 5 6 7 8 9 |  9.5
Earth Magic    | 1 2 3 4 5 6 7 8 9 |  9.5
Poison Magic   | 1 2 3 4 5 6 7 8 9 |  9.5
Crossbows      | 3 4 5 6 7 8 9 10 11 | 11.4
Armour         | 3 4 5 6 7 8 9 10 11 | 11.4
Axes           | 5 6 7 8 9 10 11 | 11.9
Stealth        | 5 6 7 8 9 10 11 | 11.8
Fighting       | 9 10 11 12 13 | 13.5

Action                   |  1- 3 |  4- 6 |  7- 9 | 10-12 | 13-15 | 16-18 || total
-------------------------+-------+-------+-------+-------+-------+-------++-------
Melee: Hand axe          |    69 |   134 |   198 |    84 |       |       ||   485
       Bite              |     3 |    12 |    34 |    54 |   117 |    69 ||   289
       Punch             |       |       |     3 |    23 |     1 |       ||    27
       Flail             |       |       |    26 |       |       |       ||    26
       Rapier            |       |       |    87 |   214 |     9 |     5 ||   315
       Morningstar       |       |       |       |   221 |    36 |       ||   257
       Quarterstaff      |       |       |       |       |  1036 |   413 ||  1449
 Cast: Pain              |       |       |     4 |     2 |     5 |       ||    11
       Mephitic Cloud    |       |       |       |       |     1 |     1 ||     2
       Freezing Cloud    |       |       |       |       |    12 |     5 ||    17
       Manifold Assault  |       |       |       |       |     5 |       ||     5
       Tukima's Dance    |       |       |       |       |       |     9 ||     9
Invok: Recall Ancestor   |       |     1 |       |     8 |    13 |     3 ||    25
       Ancestor Life: He |       |     1 |       |       |       |       ||     1
       Ancestor Identity |       |     1 |       |       |       |       ||     1
Evoke: Wand              |       |       |       |    12 |    10 |     1 ||    23
  Use: Scroll            |       |     6 |     4 |     9 |    18 |     6 ||    43
       Potion            |       |     1 |     1 |     4 |     4 |       ||    10
 Stab: Sleeping          |     2 |     4 |    10 |    16 |    12 |    12 ||    56
       Distracted        |       |     3 |     2 |     5 |    26 |     5 ||    41
       Confused          |       |       |    12 |     7 |    16 |     6 ||    41
       Paralysed         |       |       |       |       |    24 |    28 ||    52
       Invisible         |       |       |       |       |     2 |       ||     2
Armor: Leather armour    |    26 |    56 |    77 |    85 |       |       ||   244
       Robe              |     1 |       |       |       |       |       ||     1
       Ring mail         |       |       |       |   107 |   403 |    17 ||   527
       Troll leather arm |       |       |       |       |       |   132 ||   132
Dodge: Dodged            |    49 |    62 |   166 |   420 |   805 |   315 ||  1817

Table legend: (Time is in decaauts)
 A = Elapsed time spent in this place.
 B = Non-inter-level travel time spent in this place.
 C = Inter-level travel time spent in this place.
 D = Time resting spent in this place.
 E = Time spent auto-exploring this place.
 F = Levels seen in this place.
 G = Mean time per level.
                   A        B        C        D        E       F      G
               +--------+--------+--------+--------+--------+-----+--------+
         Total |  45781 |  43647 |   2134 |  15724 |  21317 |  25 | 1831.2 |
       Dungeon |  23800 |  22446 |   1354 |   6810 |  12317 |  15 | 1586.7 |
          Lair |  16584 |  15958 |    626 |   6357 |   7271 |   6 | 2764.0 |
     Snake Pit |    492 |    492 |      0 |    306 |     71 |   1 |  492.0 |
  Orcish Mines |   4874 |   4721 |    153 |   2250 |   1657 |   2 | 2437.0 |
      Ice Cave |     28 |     28 |      0 |      0 |      0 |   1 |   28.0 |
               +--------+--------+--------+--------+--------+-----+--------+

Top non-repeatable levels by time:
  Lair:5: 4692 daAuts
    D:11: 3131 daAuts
  Lair:1: 2963 daAuts
  Lair:6: 2857 daAuts
     D:5: 2707 daAuts
  Lair:2: 2706 daAuts
   Orc:2: 2586 daAuts
    D:12: 2312 daAuts
   Orc:1: 2287 daAuts
     D:4: 2041 daAuts
    D:10: 1831 daAuts
     D:8: 1789 daAuts
  Lair:3: 1783 daAuts
  Lair:4: 1582 daAuts
     D:9: 1471 daAuts
